 Dungeon Crawl Stone Soup version 0.22-b1-26-g9dbaab1112 (webtiles) character file.

46 Lavandula the Chopper (level 3, -1/46 HPs)
             Began as a Centaur Berserker on Aug 8, 2018.
             Was a Follower of Trog.
             Slain by a kobold
             ... wielding a +0 short sword
              (7 damage)
             ... on level 3 of the Dungeon.
             The game lasted 00:03:03 (548 turns).

Lavandula the Chopper (Centaur Berserker)            Turns: 548, Time: 00:03:04

Health: -1/46      AC:  6    Str: 25    XL:     3   Next: 46%
Magic:  3/3        EV:  9    Int:  6    God:    Trog [*.....]
Gold:   112        SH:  0    Dex:  8    Spells: 2/2 levels left

rFire    . . .     SeeInvis .   a - +0 hand axe
rCold    . . .     Gourm    .   (no shield)
rNeg     . . .     Faith    .   b - +0 animal skin
rPois    .         Spirit   .   (no helmet)
rElec    .         Reflect  .   (no cloak)
rCorr    .         Harm     .   l - +1 pair of gloves
MR       .....                  (no barding)
Stlth    ..........             (no amulet)
HPRegen  0.15/turn              (no ring)
MPRegen  0.08/turn              (no ring)

@: berserking, very quick
A: large, hooves 3, deformed body, speed 2, tough skin 3
a: Berserk, Renounce Religion


You were on level 3 of the Dungeon.
You worshipped Trog.
Trog was aware of your devotion.
You were very hungry.

You visited 1 branch of the dungeon, and saw 3 of its levels.

You collected 112 gold pieces.

Inventory:

Hand Weapons
 a - a +0 hand axe (weapon)
 m - a +0 blowgun
Missiles
 k - 3 tomahawks (quivered)
 n - 12 poisoned needles
Armour
 b - a +0 animal skin (worn)
 e - a +0 scale mail
 l - a +1 pair of gloves (worn)
Scrolls
 h - a scroll of noise {unknown}
 o - a scroll of amnesia {unknown}
Potions
 f - a potion of curing
 j - a potion of lignification {unknown}
 p - a potion of flight
Comestibles
 c - 2 rations


   Skills:
 - Level 3.0 Fighting
 + Level 4.1 Axes
 - Level 1.3 Armour
 - Level 1.3 Dodging


You had 2 spell levels left.
You didn't know any spells.
Your spell library was empty.

Dungeon Overview and Level Annotations

Branches:
Dungeon (3/15)

Altars:
Ashenzari

Annotations:
D:3 2 transporters, rumpelstilzz's ghost, amateur NaTm


Innate Abilities, Weirdness & Mutations

You have hooves in place of feet.
Armour fits poorly on your strangely shaped body.
You cover ground very quickly.
You have extremely tough skin. (AC +3)


Message History

Found 5 gold pieces.
A kobold comes into view. It is wielding a short sword.
The kobold shouts!
A goblin comes into view. It is wielding a dagger.
The goblin shouts!
You see here 5 gold pieces.
You barely miss the kobold. The kobold hits you with a short sword.
* * * LOW HITPOINT WARNING * * *
You hit the kobold. Your kick misses the kobold.
The kobold is heavily wounded.
The kobold hits you with a short sword.
* * * LOW HITPOINT WARNING * * *
Press: ? - help, v - describe, . - travel, g - get item 5 gold pieces.
The floor.
A red film seems to cover your vision as you go berserk!
You feel yourself moving faster!
You feel mighty!
You are feeling very hungry.
The kobold hits you with a short sword!
You die...

.# .. .# ## ###### .#
.####....# .#
......##.########.####.#
.######.(.##....K..g....
.# ##.....##...@...###
## #.......#...........
# #....._.............##
# ..#.......#.>.....###
+.###.....##.......# +.
##...##........#
##.##.........# #..
#.........# .# #.....
###########


You could see a goblin and a kobold.

Vanquished Creatures
  An adder (D:3)
  An ooze (D:1)
  An orc (D:3)
  3 giant cockroaches
  4 hobgoblins (D:1)
  A ball python (D:2)
  2 bats (D:3)
  A frilled lizard (D:3)
  7 goblins
  7 kobolds
  2 rats
30 creatures vanquished.

Notes
Turn   | Place    | Note
-------+----------+-------------------------------------------
     0 | D:1      | Lavandula the Centaur Berserker began the quest for the Orb.
     0 | D:1      | Reached XP level 1. HP: 19/19 MP: 1/1
    23 | D:2      | Reached skill level 3 in Axes
   109 | D:1      | Reached XP level 2. HP: 26/26 MP: 2/2
   257 | D:3      | Reached XP level 3. HP: 20/31 MP: 3/3
   333 | D:3      | Reached skill level 4 in Axes
   365 | D:3      | Found a transporter.
   370 | D:3      | Noticed rumpelstilzz's ghost (amateur NaTm)
   380 | D:3      | Found a transporter.
   536 | D:3      | Found a shattered altar of Ashenzari.
   548 | D:3      | Slain by a kobold

Skill      XL: |  1  2  3 |
---------------+----------+-----
Axes           | 3 4 |  4.1
Fighting       | |  3.0
Armour         | |  1.3
Dodging        | |  1.3

Action                   || total
-------------------------++-------
Melee: Hand axe          ||    72
       Kick              ||    18
Invok: Berserk           ||     3
  Use: Scroll            ||     5
Armor: Animal skin       ||    25
Dodge: Dodged            ||    42
